 Dungeon Crawl Stone Soup version 0.30.1-11-g7821555f0a (webtiles) character file.

Game seed: 3867649900818584583

492 Eitelfritz the Slasher (level 6, -3/52 HPs)
             Began as a Minotaur Gladiator on Jan 13, 2024.
             Slain by an iguana (8 damage)
             ... on level 4 of the Dungeon.
             The game lasted 00:05:23 (3046 turns).

Eitelfritz the Slasher (Minotaur Gladiator)         Turns: 3046, Time: 00:05:23

Health: -3/52      AC:  7    Str: 25    XL:     6   Next: 91%
Magic:  5/5        EV: 13    Int:  7    God:
Gold:   97         SH:  0    Dex: 11    Spells: 5/5 levels left

rFire   . . .        a - +0 long sword
rCold   . . .        (no shield)
rNeg    . . .        b - +0 leather armour
rPois   .            c - +0 hat
rElec   .            f - +0 cloak
rCorr   .            (no gloves)
SInv    .            g - +2 pair of boots
Will    +....        (no amulet)
Stlth   +            p - +6 ring of strength
HPRegen 0.28/turn    y - ring of willpower
MPRegen 0.09/turn

%: no passive effects
@: no status effects
A: horns 2, retaliatory headbutt
a: no special abilities


You were on level 4 of the Dungeon.
You visited 1 branch of the dungeon, and saw 4 of its levels.

You collected 97 gold pieces.

Inventory:

Hand Weapons
 a - a +0 long sword (weapon)
 z - a +0 morningstar
Missiles
 d - 2 throwing nets (quivered)
 e - a javelin
Armour
 b - a +0 leather armour (worn)
 c - a +0 hat (worn)
 f - a +0 cloak (worn)
 g - a +2 pair of boots (worn)
Jewellery
 p - a +6 ring of strength (left hand)
 y - a ring of willpower (right hand)
Scrolls
 k - a scroll of magic mapping {unknown}
 m - a scroll of identify {unknown}
 r - a scroll of enchant weapon {unknown}
 s - a scroll of amnesia {unknown}
 t - a scroll of noise {unknown}
 u - a scroll of fog {unknown}
 v - a scroll of vulnerability {unknown}
 w - 2 scrolls of teleportation {unknown}
 x - a scroll of poison {unknown}
 B - a scroll of acquirement {unknown}
 D - a scroll of enchant armour {unknown}
Potions
 h - 2 potions of brilliance {unknown}
 i - a potion of flight {unknown}
 j - 2 potions of heal wounds {unknown}
 l - 4 potions of might {unknown}
 n - 2 potions of attraction {unknown}
 o - a potion of invisibility {unknown}
 q - 2 potions of curing
 A - 2 potions of ambrosia {unknown}
 C - a potion of degeneration {unknown}


   Skills:
 + Level 4.2 Fighting
 + Level 6.5 Long Blades
 + Level 2.2 Throwing
 + Level 3.2 Armour
 + Level 5.0 Dodging
 + Level 0.8 Stealth


You had 5 spell levels left.
You didn't know any spells.
Your spell library was empty.

Dungeon Overview and Level Annotations

Branches:
Dungeon (4/15)             Temple (0/1) D:4

Altars:


Innate Abilities, Weirdness & Mutations

You have a pair of horns on your head.
You reflexively headbutt those who attack you in melee.


Message History

The killer bee poisons you!
The killer bee stings you but does no damage.
You miss the killer bee.
The killer bee is heavily wounded.
You feel very sick. The killer bee misses you.
The killer bee closely misses you.
Unknown command.
You hit the killer bee. You headbutt the killer bee.
You kill the killer bee!
You feel very sick. The killer bee closely misses you.
Your Dodging skill increases to level 5!
Unknown command.
You hit the killer bee but do no damage.
You feel sick. The killer bee stings you.
* * * LOW HITPOINT WARNING * * *
You are lethally poisoned!
The killer bee poisons you!
The killer bee stings you but does no damage.
Unknown command.
It was a potion of curing.
You feel better. The killer bee closely misses you. You furiously retaliate!
You headbutt the killer bee. The killer bee misses you.
You furiously retaliate!
You headbutt the killer bee!
You kill the killer bee!
Your Armour skill increases to level 3!
You closely miss the iguana. The iguana barely misses you.
You hit the iguana but do no damage. The iguana misses you.
You furiously retaliate!
You headbutt the iguana. You hit the iguana but do no damage.
Your headbutt misses the iguana.
The iguana is moderately wounded.
The iguana barely misses you.
You hit the iguana.
The iguana is heavily wounded.
The iguana bites you!
* * * LOW HITPOINT WARNING * * *
You barely miss the iguana. Your headbutt misses the iguana.
The iguana is heavily wounded.
The iguana bites you!
You die...

.........# ..........#
.........###.### #l..>...#.#
........... ...............
..<..[...####.#..#.......# .
.........#....#............
..............#..#.#.#.#.#..
..............##............
.....)........####..........
#.####.<........@l.#........
#.............######........
#.............# ####.....
#.............# .....
#.............# #...
##............# ...
#.....######## .(
#............#
####.........#


You could see an iguana.

Vanquished Creatures
  Blork the orc (D:4)
  6 killer bees (D:4)
  Crazy Yiuf (D:2)
  Terence (D:2)
  Robin (D:3)
  2 adders
  3 worms
  A dart slug (D:1)
  4 orcs (D:3)
  4 endoplasms
  A giant cockroach (D:2)
  12 goblins
  9 hobgoblins
  4 kobolds
  5 quokkas
  4 ball pythons
  5 bats
  2 frilled lizards
  4 rats (D:1)
70 creatures vanquished.

Notes
Turn   | Place    | Note
-------+----------+-------------------------------------------
     0 | D:1      | Eitelfritz the Minotaur Gladiator began the quest for the
                  | Orb.
     0 | D:1      | Reached XP level 1. HP: 18/18 MP: 0/0
   213 | D:1      | Reached skill level 4 in Long Blades
   312 | D:1      | Reached XP level 2. HP: 22/25 MP: 1/1
   512 | D:1      | You fall into a shaft and drop 1 floor!
  1020 | D:2      | Reached XP level 3. HP: 30/30 MP: 2/2
  1137 | D:2      | Noticed Terence
  1151 | D:2      | Killed Terence
  1309 | D:2      | Found a runed translucent door.
  1310 | D:2      | Noticed Crazy Yiuf
  1677 | D:2      | Killed Crazy Yiuf
  1678 | D:2      | Reached skill level 1 in Armour
  1678 | D:2      | Reached XP level 4. HP: 34/38 MP: 3/3
  1956 | D:3      | Noticed Robin
  1979 | D:3      | Killed Robin
  1988 | D:3      | Reached skill level 5 in Long Blades
  1988 | D:3      | Reached XP level 5. HP: 10/45 MP: 4/4
  2208 | D:3      | Found a faded altar of an unknown god.
  2793 | D:4      | Noticed Blork the orc
  2808 | D:4      | Killed Blork the orc
  2851 | D:4      | Found a staircase to the Ecumenical Temple.
  2860 | D:4      | Reached XP level 6. HP: 52/52 MP: 5/5
  2873 | D:4      | Reached skill level 6 in Long Blades
  3040 | D:4      | Reached skill level 5 in Dodging
  3046 | D:4      | Slain by an iguana

Illustrated notes

Levels and vault maps discovered:
D:1:      dpeg_arrival_round_b, layout_basic, feat_on_display
D:2:      layout_loops_ring, uniq_crazy_yiuf_cottage, uniq_terence
D:3:      layout_basic, hellmonk_ecumenical_altar_pennies_from_heaven,
          uniq_robin
D:4:      layout_basic, minmay_temple_entry_glass, minivault_24,
          uniq_blork_the_orc

Skill      XL: |  1  2  3  4  5  6 |
---------------+-------------------+-----
Long Blades    | 4 5 6 |  6.5
Dodging        | 4 5 |  5.0
Fighting       | 3 4 |  4.2
Armour         | 1 2 3 |  3.2
Throwing       | |  2.2
Stealth        | |  0.8

Action                     |  1- 3 |  4- 6 || total
---------------------------+-------+-------++-------
  Melee: Long sword        |    64 |   125 ||   189
         Headbutt          |     7 |    19 ||    26
  Throw: Throwing net      |     1 |     2 ||     3
    Use: Potion            |       |     1 ||     1
   Stab: Sleeping          |     1 |       ||     1
         Held in net/web   |       |     2 ||     2
 Armour: Leather armour    |    21 |    49 ||    70
  Dodge: Dodged            |    47 |   109 ||   156
